 Dungeon Crawl Stone Soup version 0.25-a0-645-gb4487340cb (webtiles) character file.

Game seed: 17257268484483868312, levelgen mode: deterministic

42 Eurus the Conjurer (level 3, -1/25 HPs)
             Began as a Mummy Conjurer on Mar 21, 2020.
             Slain by Sigmund
             ... wielding a +0 scythe
              (4 damage)
             ... on level 2 of the Dungeon.
             The game lasted 00:03:35 (1532 turns).

Eurus the Conjurer (Mummy Conjurer)                 Turns: 1532, Time: 00:03:36

Health: -1/25      AC:  2    Str: 11    XL:     3   Next: 33%
Magic:  1/7        EV: 12    Int: 15    God:
Gold:   84         SH:  0    Dex: 12    Spells: 5/8 levels left

rFire    x . .     SeeInvis .   b - +0 dagger (drain)
rCold    + . .     Gourm    .   (no shield)
rNeg     + + +     Faith    .   a - +0 robe
rPois    ∞         Spirit   .   (no helmet)
rElec    .         Reflect  .   (no cloak)
rCorr    .         Harm     .   (no gloves)
MR       .....                  (no boots)
Stlth    ++........             (no amulet)
HPRegen  0.08/turn              (no ring)
MPRegen  0.10/turn              (no ring)

@: very slightly contaminated
A: no food or potions, fire vulnerability, cold resistance 1, negative energy
resistance 3, torment resistance, unbreathing
a: no special abilities


You were on level 2 of the Dungeon.
You were not hungry.

You visited 1 branch of the dungeon, and saw 2 of its levels.

You collected 84 gold pieces.

Inventory:

Hand Weapons
 b - a +0 dagger of draining (weapon)
 g - a +1 dagger of draining
Armour
 a - a +0 robe (worn)
Scrolls
 c - 2 scrolls of identify {unknown}
 d - a scroll of magic mapping {unknown}
 e - 2 scrolls of enchant weapon {unknown}
 f - a scroll of remove curse {unknown}


   Skills:
 + Level 0.3 Fighting
 - Level 1.5 Dodging
 - Level 1.5 Stealth
 + Level 3.4 Spellcasting
 * Level 4.0 Conjurations


You had 5 spell levels left.
You knew the following spells:

 Your Spells              Type           Power        Failure   Level  Hunger
a - Magic Dart            Conj           ##..         3%          1    N/A
b - Searing Ray           Conj           ##....       5%          2    N/A

Your spell library contained the following spells:

 Spells                   Type           Power        Failure   Level  Hunger
 Dazzling Flash           Conj/Hex       #.....       26%         3    N/A
 Fulminant Prism          Conj/Hex       #.........   63%         4    N/A
 Iskenderun's Mystic Bla  Conj/Tloc      #.......     63%         4    N/A

Dungeon Overview and Level Annotations

Branches:
Dungeon (2/15)

Altars:
Trog

Annotations:
D:2 Sigmund


Innate Abilities, Weirdness & Mutations

You do not eat or drink.
Your flesh is vulnerable to fire.
You are immune to poison.
Your flesh is cold resistant. (rC+)
You are immune to negative energy. (rN+++)
You are immune to unholy pain and torment.
You can survive without breathing.


Message History

The searing ray hits something.
You finish channeling your searing ray.
Casting: Searing Ray (safe; 5% risk of failure)
Confirm with . or Enter, or press ? or * to list all spells.
You can't see any susceptible monsters within range! (Use Z to cast anyway.) Unknown command.
Casting: Searing Ray (safe; 5% risk of failure)
Confirm with . or Enter, or press ? or * to list all spells.
Aiming: Searing Ray (safe; 5% risk of failure)
Press: ? - help, Shift-Dir - straight line You miscast Searing Ray.
You are very lightly contaminated with residual magic.
You feel a strange surge of energy! Something hits you.
You hear some strange, mumbled words.
Something tries to affect you, but you resist.
You hit something. Something hits you.
You closely miss something. You hit something. Something hits you!
* * * LOW HITPOINT WARNING * * *
You hit something but do no damage. Something hits you.
You die...

...+....'....'.!.....
...###.##....########
...# #.##....####
...# #.######...# #
###.######...## ##
#.....#.......# .#
#.....#.##....#
.###.._..#.#####.#
..##....##....##@#
÷.......#####.##{#
.........# #.#....#
.........# #.#....#
.........# #.#....#
##....!..# #.#....#
##......# #(##.###
#..#.######.##.# #
##.#.##.....##?#


There were no monsters in sight!

Vanquished Creatures
  An adder (D:2)
  A worm (D:2)
  2 leopard geckos
  2 bats
  3 giant cockroaches
  3 goblins
  2 hobgoblins (D:2)
  3 kobolds
  A quokka (D:2)
  4 frilled lizards (D:1)
  4 rats
26 creatures vanquished.

Notes
Turn   | Place    | Note
-------+----------+-------------------------------------------
     0 | D:1      | Eurus the Mummy Conjurer began the quest for the Orb.
     0 | D:1      | Reached XP level 1. HP: 13/13 MP: 4/4
   388 | D:1      | Reached XP level 2. HP: 19/19 MP: 4/6
   410 | D:1      | Learned a level 2 spell: Searing Ray
   848 | D:2      | Found a faded altar of an unknown god.
  1129 | D:2      | Found a bloodstained altar of Trog.
  1137 | D:2      | Reached XP level 3. HP: 21/24 MP: 1/7
  1305 | D:2      | Reached skill level 4 in Conjurations
  1520 | D:2      | Noticed Sigmund
  1532 | D:2      | Slain by Sigmund

Levels and vault maps discovered:
D:1:      elethiomel_arrival_infinity_welcomes_careful_drivers, layout_rooms,
          serial_rivers, chequers_serial_rivers_small_3,
          chequers_serial_rivers_micro_e, chequers_serial_rivers_small_3,
          chequers_serial_rivers_micro_a, chequers_serial_rivers_small_3,
          chequers_serial_rivers_micro_d
D:2:      layout_basic, bloody_trog, chequers_ecumenical_altar_simple,
          minmay_pentomino_z2, uniq_sigmund

Skill      XL: |  1  2  3 |
---------------+----------+-----
Spellcasting   | 3 |  3.4
Conjurations   | 4 |  4.0
Fighting       | |  0.3
Dodging        | |  1.5
Stealth        | |  1.5

Action                   || total
-------------------------++-------
Melee: Dagger            ||    36
       Unarmed           ||     2
 Cast: Magic Dart        ||    33
       Searing Ray       ||     4
Armor: Robe              ||     8
Dodge: Dodged            ||    30

Table legend:
 A = Non-vault XP
 B = Vault XP
 C = Vault XP percentage of total XP
 D = Non-vault monster count
 E = Vault monster count
 F = Vault count percentage of total count
                 A         B        C        D         E       F
            +---------+---------+-------+---------+---------+-------
      Total |      60 |       0 |   0.0 |      26 |       0 |   0.0
            +---------+---------+-------+---------+---------+-------
        D:1 |      19 |       0 |   0.0 |      12 |       0 |   0.0
        D:2 |      41 |       0 |   0.0 |      14 |       0 |   0.0
            +---------+---------+-------+---------+---------+-------
